AoeStats
← Adams1491

Nomad

508401061Analyzed
4v4 RM · 10d ago on Sep 22, 2026· 52m 51s· 8 players
Game mode
Random Map
Map size
231×231
Population
200
Speed
Normal
Resources
Standard
Victory
Conquest
Starting age
Dark Age
Ending age
Imperial Age
RankedLock teamsTeams togetherTeam positionsShared explorationLock speedFull tech treeHidden civsTurbo modeCheats
Victory
Defeat
🇨🇳 Georgians · China
1481
+14
🇦🇺 Persians · Australia
1422
+17
🇻🇳 Franks · Vietnam
1394
+18
🇹🇼 Italians · Taiwan
1375
+18
🇨🇳 Vietnamese · China
1557
-22
🇨🇳 Dravidians · China
1548
-21
🇩🇰 Wu · Denmark
1342
-13
🇩🇰 Magyars · Denmark
1290
-11
逝
3:49 Loom
12:56 Feudal Age
18:30 Castle Age
16:35 Double-Bit Axe
16:43 Gold Mining
17:15 Stone Mining
18:30 Wheelbarrow
18:24 Fishing Lines
19:43 Bow Saw
20:29 Stone Shaft Mining
21:21 Horse Collar
27:23 Heavy Plow
28:50 Hand Cart
28:22 Town Watch
28:44 Scale Barding Armor
28:50 Forging
31:58 Imperial Age
30:09 Bloodlines
29:59 Husbandry
30:41 Town Patrol
31:03 Chain Barding Armor
31:18 Iron Casting
31:05 Man-at-Arms
31:45 Squires
31:31 Arson
32:58 Scale Mail Armor
33:59 Blast Furnace
33:17 Fletching
33:02 Long Swordsman
34:24 Conscription
34:31 Bodkin Arrow
37:01 Padded Archer Armor
37:16 Chain Mail Armor
40:24 Plate Mail Armor
44:12 Hoardings
48:24 Svan Towers
51:18 Plate Barding Armor
51:44 Blast Furnace
51:29 Elite Monaspa
Adams1491
5:05 Loom
14:06 Feudal Age
15:26 Wheelbarrow
17:21 Double-Bit Axe
21:51 Castle Age
22:51 Medium Warships
26:33 Hand Cart
26:10 Fletching
26:39 Bow Saw
27:26 Stone Mining
27:27 Gold Mining
29:02 Bodkin Arrow
30:30 Stone Shaft Mining
30:30 Careening
31:03 Horse Collar
31:56 Clinker Construction
39:11 Imperial Age
37:21 Ballistics
38:13 Padded Archer Armor
39:36 Leather Archer Armor
40:07 Bracer
41:10 Chemistry
40:12 Elite Genoese Crossbowman
41:22 Conscription
41:37 Ring Archer Armor
42:25 Scale Mail Armor
42:35 Forging
43:35 Chain Mail Armor
43:58 Arson
44:14 Squires
44:50 Iron Casting
47:56 Blast Furnace
48:02 Coinage
49:08 Plate Mail Armor
49:39 Silk Road
50:07 Banking
49:38 Caravan
mryendl2410
7:12 Loom
13:15 Feudal Age
17:29 Castle Age
16:56 Double-Bit Axe
19:37 Bow Saw
21:38 Wheelbarrow
22:43 Gold Mining
25:39 Medium Warships
33:47 Imperial Age
31:56 Scale Barding Armor
32:40 Forging
33:49 Chain Barding Armor
34:07 Iron Casting
34:06 Husbandry
33:54 Cavalier
35:26 Plate Barding Armor
36:47 Blast Furnace
37:57 Paladin
46:14 Conscription
46:13 Chivalry
48:09 #83
50:18 Elite Skirmisher
51:02 Fletching
A2PL Okr010
4:40 Loom
13:01 Feudal Age
17:41 Castle Age
17:01 Forging
17:33 Bloodlines
19:13 Iron Casting
22:43 Scale Barding Armor
38:16 Double-Bit Axe
38:12 Horse Collar
46:04 Bow Saw
47:39 Heavy Plow
47:30 Gold Mining
52:21 Imperial Age
50:28 Wheelbarrow
50:30 Gold Shaft Mining
49:46 Stone Mining
50:37 Husbandry
麦辣鸡翅
14:28 Feudal Age
13:50 Loom
15:05 Fishing Lines
18:32 Castle Age
17:50 Double-Bit Axe
20:06 Bow Saw
20:35 Wheelbarrow
19:43 Horse Collar
19:58 Gillnets
29:04 Imperial Age
27:23 Scale Mail Armor
27:34 Forging
27:52 Gold Mining
28:23 Town Watch
29:24 Capped Ram
30:33 Chain Mail Armor
30:54 Iron Casting
31:50 Elite Fire Lancer
34:31 Plate Mail Armor
37:43 Hand Cart
39:06 Stone Mining
47:06 Fletching
47:17 Padded Archer Armor
49:33 Pikeman
50:14 Squires
50:00 Arson
奥尔良鸡翅
7:03 Loom
13:05 Feudal Age
13:34 Double-Bit Axe
13:47 Fishing Lines
20:42 Castle Age
20:45 Pikeman
23:46 Wheelbarrow
24:30 Medium Warships
25:09 Bow Saw
29:38 Horse Collar
32:11 Scale Mail Armor
33:03 Squires
34:11 Chain Mail Armor
33:55 Town Watch
39:18 Imperial Age
39:15 Heavy Plow
39:34 Fletching
39:44 Padded Archer Armor
40:12 Ballistics
40:22 Conscription
40:17 Husbandry
39:41 Elite Elephant Archer
40:18 Bodkin Arrow
40:27 Gold Mining
40:28 Stone Mining
41:55 Heavy Warships
42:30 Bracer
43:03 Leather Archer Armor
43:53 Halberdier
45:05 Plate Mail Armor
46:11 Ring Archer Armor
47:43 Chemistry
49:11 Forging
48:53 Elite Skirmisher
49:39 Thumb Ring
Muff
5:09 Loom
14:03 Feudal Age
19:57 Wheelbarrow
23:06 Castle Age
24:37 Stone Mining
24:39 Gold Mining
24:41 Light Cavalry
25:32 Bloodlines
27:58 Scale Barding Armor
29:26 Gold Shaft Mining
29:44 Chain Barding Armor
30:17 Corvinian Army
30:46 Husbandry
31:33 Double-Bit Axe
31:33 Horse Collar
35:33 Hand Cart
35:33 Fletching
50:40 Fervor
50:51 Sanctity
Doctorbonus
3:50 Loom
15:42 Feudal Age
18:05 Wheelbarrow
18:05 Town Watch
21:37 Castle Age
20:21 Scale Mail Armor
21:05 Double-Bit Axe
21:44 Pikeman
24:02 Horse Collar
27:27 Arson
29:46 Stone Mining
30:46 Fletching
31:21 Chain Mail Armor
32:40 Fletching
33:32 Gold Mining
35:08 Gold Shaft Mining
35:57 Bodkin Arrow
36:17 Red Cliffs Tactics
37:18 Squires
37:53 Padded Archer Armor
38:15 Ballistics
42:31 Imperial Age
40:56 Forging
41:34 Bow Saw
42:47 Hand Cart
42:38 Treadmill Crane
43:39 Stone Shaft Mining
43:46 Heavy Plow
43:58 Bracer
44:09 Halberdier
45:28 Conscription
45:41 Plate Mail Armor
46:30 Two-Man Saw
45:58 Elite Fire Archer
47:38 Iron Casting
48:03 Leather Archer Armor
49:18 Chemistry
50:22 Coinage
50:56 Blast Furnace
52:22 Sitting Tiger
Connection lost

Rejoining the realm…

Still unreachable

The connection could not be restored.

Session expired

The server has moved on; the page needs a fresh start.